AoeStats
← porkchop8732

Arabia

510550986Analyzed
1v1 RM · 1d ago on Oct 1, 2026· 40m 1s· 2 players
Game mode
Random Map
Map size
Tiny (2 player)
Population
200
Speed
Normal
Resources
Standard
Victory
Conquest
Starting age
Dark Age
Ending age
Imperial Age
RankedLock teamsTeams togetherTeam positionsShared explorationLock speedFull tech treeHidden civsTurbo modeCheats
Victory
Defeat
🇬🇧 Tatars · United Kingdom
1176
+15
🇺🇸 Chinese · United States
1144
-15
porkchop8732
0:25 Loom
9:05 Feudal Age
10:07 Double-Bit Axe
20:24 Castle Age
19:43 Fletching
21:05 Bodkin Arrow
20:36 Crossbowman
30:33 Wheelbarrow
31:25 Fervor
31:20 Gold Mining
31:50 Squires
32:29 Bow Saw
36:39 Imperial Age
37:02 Elite Skirmisher
38:47 Bracer
38:47 Padded Archer Armor
Waterboy91x
9:36 Feudal Age
8:47 Loom
11:25 Double-Bit Axe
23:07 Castle Age
21:27 Padded Archer Armor
24:02 Husbandry
24:12 Bloodlines
24:09 Scale Barding Armor
29:30 Fletching
31:28 Wheelbarrow
31:25 Bodkin Arrow
32:53 Ballistics
33:34 Leather Archer Armor
36:18 Chain Barding Armor
36:51 Hand Cart
36:22 Town Watch
40:21 Imperial Age
Connection lost

Rejoining the realm…

Still unreachable

The connection could not be restored.

Session expired

The server has moved on; the page needs a fresh start.